AoeStats
← nikias.marquardt

Oasis

510150960Analyzed
4v4 RM · 3d ago on Sep 29, 2026· 48m 46s· 8 players
Game mode
Random Map
Map size
Large (8 player)
Population
200
Speed
Normal
Resources
Standard
Victory
Conquest
Starting age
Dark Age
Ending age
Imperial Age
RankedLock teamsTeams togetherTeam positionsShared explorationLock speedFull tech treeHidden civsTurbo modeCheats
Victory
Defeat
🇩🇪 Danes · Germany
1429
+16
🇩🇪 Persians · Germany
1426
+16
🇫🇷 Italians · France
1399
+17
🇪🇸 Maya · Spain
1382
+18
🇨🇿 Mongols · Czechia
1539
-21
🇲🇽 Vietnamese · Mexico
1474
-19
🇩🇪 Saracens · Germany
1354
-14
🇺🇸 Lithuanians · United States
1328
-13
Kempinho
10:18 Feudal Age
14:01 Castle Age
12:20 Double-Bit Axe
13:33 Horse Collar
13:44 Gold Mining
14:32 Bloodlines
20:40 Bow Saw
22:03 Scale Barding Armor
22:51 Forging
26:29 Scale Mail Armor
28:40 Loom
32:24 Chain Mail Armor
32:45 Iron Casting
32:01 Fletching
38:24 Squires
38:09 Arson
43:42 Imperial Age
41:48 Wheelbarrow
41:38 Caravan
43:48 Capped Ram
44:18 Elite Varangian Guard
44:54 Siege Ram
bao
9:47 Loom
12:09 Feudal Age
13:36 Double-Bit Axe
19:16 Horse Collar
20:55 Gold Mining
22:18 Wheelbarrow
22:37 Padded Archer Armor
26:54 Castle Age
25:17 Fletching
27:02 Crossbowman
27:51 Bodkin Arrow
30:09 Ballistics
30:12 Leather Archer Armor
41:15 Thumb Ring
45:50 Imperial Age
44:19 Bow Saw
45:53 Hand Cart
45:58 Arbalester
48:16 Ring Archer Armor
49:13 Bracer
enfeig
0:28 Loom
10:05 Feudal Age
10:54 Double-Bit Axe
13:50 Fletching
16:30 Padded Archer Armor
22:52 Castle Age
21:00 Horse Collar
21:11 Gold Mining
23:03 Crossbowman
23:40 Bodkin Arrow
23:58 Bow Saw
25:10 Ballistics
26:30 Leather Archer Armor
28:32 Town Watch
29:25 Wheelbarrow
30:39 Heavy Plow
31:38 Stone Mining
33:39 Thumb Ring
37:24 Imperial Age
35:11 Hand Cart
37:29 Arbalester
39:16 Chemistry
38:18 Bracer
37:57 Capped Ram
40:12 Ring Archer Armor
39:57 Masonry
40:30 Conscription
40:10 Eagle Warrior
40:50 Squires
40:52 Scale Mail Armor
41:41 Forging
42:30 Architecture
42:20 Chain Mail Armor
43:09 Pikeman
44:21 Plate Mail Armor
45:48 Stone Shaft Mining
45:45 Crop Rotation
45:27 Siege Ram
45:29 Elite Eagle Warrior
47:50 Holcans
46:58 Halberdier
50:12 Two-Man Saw
49:08 Arson
Blade_PEC
6:03 Loom
8:44 Feudal Age
9:59 Double-Bit Axe
10:12 Horse Collar
20:44 Castle Age
20:21 Forging
21:20 Bloodlines
21:54 Scale Barding Armor
22:31 Wheelbarrow
23:08 Iron Casting
22:23 Town Watch
23:01 Bow Saw
25:34 Hand Cart
27:11 Heavy Plow
29:13 Chain Barding Armor
34:01 Imperial Age
31:53 Husbandry
33:20 Coinage
33:42 Cavalier
34:59 Plate Barding Armor
36:06 Blast Furnace
35:24 Guilds
35:12 Gold Mining
36:00 Savar
41:29 Gold Shaft Mining
41:30 Caravan
42:01 Banking
48:00 Chemistry
47:12 Masonry
SimmaHem7912
1:16 Loom
9:09 Feudal Age
14:46 Fletching
19:44 Horse Collar
21:03 Double-Bit Axe
27:04 Castle Age
25:25 Gold Mining
25:28 Stone Mining
28:23 Bodkin Arrow
28:30 Padded Archer Armor
28:42 Bow Saw
28:34 Heavy Plow
30:29 Crossbowman
34:28 Wheelbarrow
39:14 Ballistics
41:55 Thumb Ring
43:37 Murder Holes
44:10 Masonry
44:21 Hand Cart
44:56 Treadmill Crane
48:55 Imperial Age
48:07 Caravan
LYR92426
9:48 Feudal Age
9:55 Loom
10:23 Double-Bit Axe
13:02 Wheelbarrow
12:54 Horse Collar
18:02 Scale Barding Armor
18:08 Forging
18:10 Bloodlines
20:10 Castle Age
19:01 Bloodlines
18:59 Scale Barding Armor
19:00 Gold Mining
19:38 Forging
21:06 Bow Saw
21:24 Husbandry
22:35 Hand Cart
25:39 Chain Barding Armor
25:39 Heavy Plow
27:30 Iron Casting
31:00 Stone Mining
31:07 Fletching
36:46 Imperial Age
34:28 Light Cavalry
36:58 Stone Shaft Mining
36:48 Cavalier
38:09 Plate Barding Armor
39:03 Chemistry
39:04 Crop Rotation
39:47 Two-Man Saw
39:38 Paladin
41:32 Conscription
41:22 Winged Hussar
44:00 Bodkin Arrow
44:29 Ballistics
43:50 Treadmill Crane
45:17 Bracer
47:03 Town Watch
nikias.marquardt
7:15 Loom
10:08 Feudal Age
13:03 Double-Bit Axe
14:21 Bloodlines
20:46 Castle Age
20:08 Scale Barding Armor
20:02 Horse Collar
22:03 Chain Barding Armor
23:26 Husbandry
23:49 Forging
30:07 Iron Casting
37:46 Imperial Age
35:53 Wheelbarrow
37:31 Hand Cart
39:08 Plate Barding Armor
42:30 Elite Mameluke
45:08 Blast Furnace
44:50 Heavy Plow
45:01 Bow Saw
PetersCZ
8:30 Feudal Age
7:12 Loom
12:46 Double-Bit Axe
15:51 Horse Collar
25:10 Castle Age
23:54 Gold Mining
24:31 Stone Mining
24:56 Fletching
28:27 Bodkin Arrow
30:34 Padded Archer Armor
34:49 Imperial Age
33:34 Gold Shaft Mining
35:22 Onager
36:47 Stone Shaft Mining
37:42 Ballistics
37:33 Masonry
37:42 Heavy Plow
39:15 Bow Saw
39:59 Conscription
42:14 Bracer
42:30 Leather Archer Armor
43:02 Drill
44:39 Chemistry
43:36 Murder Holes
46:56 Caravan
Connection lost

Rejoining the realm…

Still unreachable

The connection could not be restored.

Session expired

The server has moved on; the page needs a fresh start.